 Dungeon Crawl Stone Soup version 0.28-a0-957-g42eb19b844 (console) character file.

Game seed: 10590040647863994719

11 petzl the Vexing (level 2, -2/18 HPs)
             Began as an Octopode Arcane Marksman on Nov 30, 2021.
             Engulfed by a cloud of steam (5 damage)
             ... on level 1 of the Dungeon.
             The game lasted 00:00:47 (392 turns).

petzl the Vexing (Octopode Arcane Marksman)          Turns: 392, Time: 00:00:48

Health: -2/18      AC:  1    Str:  9    XL:     2   Next: 29%
Magic:  3/3        EV: 13    Int: 15    God:
Gold:   31         SH:  0    Dex: 12    Spells: 2/3 levels left

rFire   . . .      SeeInvis .   a - +0 hand crossbow
rCold   . . .      Faith    .   (no shield)
rNeg    . . .      Spirit   .   (helmet restricted)
rPois   .          Reflect  .   (no amulet)
rElec   .          Harm     .   (no ring)
rCorr   .          Rampage  .   (no ring)
Will    .....                   (no ring)
Stlth   ++++......              (no ring)
HPRegen 0.06/turn               (no ring)
MPRegen 0.08/turn               (no ring)
                                (no ring)
                                (no ring)

@: no status effects
A: almost no armour, amphibious, 8 rings, camouflage 1, gelatinous body 1,
nimble swimmer 1, tentacles
a: no special abilities


You were on level 1 of the Dungeon.
You visited 1 branch of the dungeon, and saw 1 of its levels.

You collected 31 gold pieces.

Inventory:

Hand Weapons
 a - a +0 hand crossbow (weapon)
Missiles
 c - 15 bolts (quivered ammo)
Scrolls
 b - a scroll of identify {unknown}


   Skills:
 + Level 1.2 Fighting
 + Level 2.2 Crossbows
 + Level 2.1 Dodging
 + Level 1.0 Stealth
 + Level 1.2 Spellcasting
 - Level 3.0 Hexes


You had 2 spell levels left.
You knew the following spells:

 Your Spells              Type           Power      Damage    Failure   Level
a - Slow                  Hex            36%        N/A       7%          1

Your spell library contained the following spells:

 Spells                   Type           Power      Damage    Failure   Level
 Inner Flame              Hex/Fire       5%         N/A       36%         3
 Portal Projectile        Hex/Tloc       10%        N/A       36%         3
 Cause Fear               Hex            4%         N/A       56%         4


Dungeon Overview and Level Annotations

Branches:
Dungeon (1/15)

Altars:


Innate Abilities, Weirdness & Mutations

You cannot wear most types of armour.
You are amphibious.
You can wear up to eight rings at the same time.
Your skin changes colour to match your surroundings (Stealth+).
Your rubbery body absorbs attacks. (AC +1, EV +1)
You are camouflaged near water. (Stealth+)
You have tentacles for arms and can constrict up to eight enemies at once.


Message History

You kill the hobgoblin!
No target in view!
No target in view!
No target in view!
You now have 21 gold pieces (gained 10).
c - 11 bolts (gained 1)
c - 12 bolts (gained 1)
c - 13 bolts (gained 1)
You see here a jackal corpse.
c - 14 bolts (gained 1)
Things that are here:
a +0 hand axe {!f =f}; a hobgoblin corpse
c - 15 bolts (gained 1)
There is an open door, spattered with blood here.
Things that are here:
a +0 hand axe {!f =f}; a hobgoblin corpse You now have 31 gold pieces (gained 10).
Partly explored, can't reach some places.
Partly explored, can't reach some places.
Partly explored, can't reach some places.
Partly explored, can't reach some places.
Partly explored, can't reach some places.
Partly explored, can't reach some places.
Partly explored, can't reach some places.
No target in view!
No target in view!
No target in view!
No target in view!
Really swim into that cloud of steam?
Okay, then.
Unknown command.
Really swim into that cloud of steam?
Okay, then.
Unknown command.
You are engulfed in a cloud of scalding steam.
Ouch! That really hurt!
You are engulfed in a cloud of scalding steam.
* * * LOW HITPOINT WARNING * * *
You are engulfed in a cloud of scalding steam.
You die...

......#...#..#######............
.......#...........................
.......#.###..#####................
.........####.# ##.................
..............###..................
.......##..........................
.............)....†................
####'#######'####.................#
##.........## #..#.............#
##...#####...###..#.######.######
##.#.#.###.#.#.#####.....##.....##
#.##.##.#.##.##.## ############..#
.###.###.###.###.## #### #..##
####.##.#.##.####.#### #§§# #...#
.......###..<......'.# #§§ #≈..#
####.### ###.####..#.####≈# ###≈≈.#
.###.# #.###.#.#.##≈≈≈###≈≈≈≈.#
#.#.## ##.#.##.#).#§≈≈≈##≈#≈≈.#
##.## ##.###.#..##@§#≈≈##≈..#
#.#.## ##.#.##.#..##§######...###
.###.# #.###.#.#..#### #.....#
####.### ###.####..#..# #####.....#
.......###.........+ #.........#
####.##.#.##.####.## ###########
.###.###.###.###.##
#.##.##.#.##.##.##
##.#.#.###.#.#.## ##.†.#####...##
##.........## #+#######'# ........#
#########


There were no monsters in sight!

Vanquished Creatures
  A ball python (D:1)
  An endoplasm (D:1)
  A giant cockroach (D:1)
  A goblin (D:1)
  A hobgoblin (D:1)
  2 jackals (D:1)
  A kobold (D:1)
  2 rats (D:1)
10 creatures vanquished.

Notes
Turn   | Place    | Note
-------+----------+-------------------------------------------
     0 | D:1      | petzl the Octopode Arcane Marksman began the quest for the
                  | Orb.
     0 | D:1      | Reached XP level 1. HP: 13/13 MP: 2/2
   149 | D:1      | Reached XP level 2. HP: 14/18 MP: 3/3
   282 | D:1      | Reached skill level 1 in Stealth
   392 | D:1      | Engulfed by a cloud of steam

Illustrated notes

Levels and vault maps discovered:
D:1:      roderic_octagonal_star, layout_rooms,
          hellmonk_ecumenical_altar_defaced_shrine, lemuel_another_geyser

Skill      XL: |  1  2 |
---------------+-------+-----
Stealth        | 1 |  1.0
Fighting       | |  1.2
Crossbows      | |  2.2
Dodging        | |  2.1
Spellcasting   | |  1.2
Hexes          | |  3.0

Action                   || total
-------------------------++-------
 Fire: Hand crossbow     ||    23
Dodge: Dodged            ||     3

Table legend: (Time is in decaauts)
 A = Elapsed time spent in this place.
 B = Non-inter-level travel time spent in this place.
 C = Inter-level travel time spent in this place.
 D = Time resting spent in this place.
 E = Time spent auto-exploring this place.
 F = Levels seen in this place.
 G = Mean time per level.
                   A        B        C        D        E       F      G
               +--------+--------+--------+--------+--------+-----+--------+
         Total |    401 |    401 |      0 |      0 |    340 |   1 |  401.0 |
       Dungeon |    401 |    401 |      0 |      0 |    340 |   1 |  401.0 |
               +--------+--------+--------+--------+--------+-----+--------+

Top non-repeatable levels by time:
     D:1: 401 daAuts
